 Dungeon Crawl Stone Soup version 0.21.1-1-g345015f (webtiles) character file.

95 GenChuck the Cudgeler (level 4, -1/35 HPs)
             Began as a Demonspawn Chaos Knight on Apr 8, 2018.
             Slain by bmj180's ghost (12 damage)
             ... on level 3 of the Dungeon.
             The game lasted 00:14:06 (2056 turns).

GenChuck the Cudgeler (Demonspawn Chaos Knight)     Turns: 2056, Time: 00:14:07

Health: -1/35      AC: 11    Str: 13    XL:     4   Next: 39%
Magic:  0/4        EV:  6    Int: 13    God:    Xom [.....*]
Gold:   42         SH:  0    Dex: 13    Spells: 3/3 levels left

rFire    + . .     SeeInvis .   a - +1 mace (chaos)
rCold    . . .     Gourm    .   (no shield)
rNeg     . . .     Faith    .   i - +2 chain mail {MR+}
rPois    .         Spirit   +   (no helmet)
rElec    .         Reflect  .   h - +0 cloak
rCorr    .         Harm     .   (no gloves)
MR       +....                  (no boots)
Stlth    ..........             m - amulet of guardian spirit
HPRegen  0.11/turn              n - ring of protection from fire
MPRegen  0.09/turn              (no ring)

@: no status effects
A: spiny 1
a: Renounce Religion


You were on level 3 of the Dungeon.
You worshipped Xom.
You were Xom's teddy bear.
You were not hungry.

You visited 1 branch of the dungeon, and saw 3 of its levels.

You collected 42 gold pieces.

Inventory:

Hand Weapons
 a - a +1 mace of chaos (weapon)
 l - a cursed -1 whip
Missiles
 j - 5 exploding tomahawks (quivered)
Armour
 b - a +2 leather armour
 f - a +1 robe of fire resistance
 h - a +0 cloak (worn)
 i - a +2 chain mail of magic resistance (worn)
Jewellery
 m - an amulet of guardian spirit (around neck)
 n - a ring of protection from fire (left hand)
Potions
 e - a potion of lignification {unknown}
 g - a potion of heal wounds {unknown}
 k - 2 potions of curing {unknown}
 o - a potion of agility {unknown}
Comestibles
 c - 3 rations


   Skills:
 + Level 3.4 Fighting
 * Level 4.1 Maces & Flails
 + Level 2.2 Armour
 + Level 1.0 Dodging
 + Level 0.4 Stealth


You had 3 spell levels left.
You didn't know any spells.

Dungeon Overview and Level Annotations

Branches:
Dungeon (3/15)

Altars:
Yredelemnul

Annotations:
D:3 bmj180's ghost, novice HOFi


Innate Abilities, Weirdness & Mutations

You are partially covered in sharp spines.


Message History

Bmj180's ghost closely misses you.
You hit bmj180's ghost but do no damage.
Bmj180's ghost completely misses you.
You barely miss bmj180's ghost. Bmj180's ghost hits you!
You closely miss bmj180's ghost. Bmj180's ghost barely misses you.
You completely miss bmj180's ghost. Bmj180's ghost barely misses you. x2
You barely miss bmj180's ghost. Bmj180's ghost hits you.
Your chain mail prevents you from hitting bmj180's ghost.
Bmj180's ghost hits you.
All of the chunks of flesh in your inventory have rotted away.
You closely miss bmj180's ghost. Bmj180's ghost barely misses you.
You hit bmj180's ghost but do no damage.
Bmj180's ghost hits you!
You hit bmj180's ghost. You freeze bmj180's ghost.
Bmj180's ghost is lightly damaged.
Bmj180's ghost hits you.
Bmj180's ghost hits you but does no damage.
Bmj180's ghost hits you!
You die...
Xom bursts into laughter!

**, ***** ##### ,,,, ,,
*,, ##...## *,,, ,
**..#########.....#
*,,,,,,,
,,$...............# *
,,,,,
*,W...#######.....# ,**
* *. ,** ##...## *,*
**,, * ##.## *****,*
,,,,,* #.#### *,, ,
**#,,* #.@..# * ***,, *
#.,* ##.W#.#***,***,,
,... * #...#,..* ,**,,,*
*,....* ##.###**.#*,*
,*, ,,.....**
##....#,,,#*,,,, ,* *
,,......####...#.#.*** *
*,, **
,,....W.'...........,,,,
,,,
,,......####...##..#**
***,, * ** ,,.....**
##(##*..# *,,** *


You could see bmj180's ghost.

Vanquished Creatures
  2 adders (D:2)
  A gnoll (D:1)
  A worm (D:2)
  A dart slug (D:2)
  A ball python (D:1)
  2 giant cockroaches (D:2)
  4 goblins (D:1)
  11 hobgoblins
  6 jackals (D:1)
  11 kobolds
  6 bats
  3 frilled lizards
  6 rats
55 creatures vanquished.

Notes
Turn   | Place    | Note
-------+----------+-------------------------------------------
     0 | D:1      | GenChuck the Demonspawn Chaos Knight began the quest for the Orb.
     0 | D:1      | Reached XP level 1. HP: 18/18 MP: 1/1
    53 | D:1      | XOM: silly message
   154 | D:1      | Reached skill level 3 in Maces & Flails
   159 | D:1      | Gained mutation: You are partially covered in sharp spines. [demonic ancestry]
   159 | D:1      | Reached XP level 2. HP: 18/24 MP: 2/2
   311 | D:1      | Reached XP level 3. HP: 29/29 MP: 3/3
  1234 | D:2      | XOM: mild Conj miscast
  1656 | D:2      | Found a basalt altar of Yredelemnul.
  1673 | D:2      | Reached XP level 4. HP: 35/35 MP: 4/4
  1679 | D:2      | Reached skill level 4 in Maces & Flails
  1720 | D:2      | Reached skill level 1 in Dodging
  2016 | D:3      | Noticed bmj180's ghost (novice HOFi)
  2036 | D:3      | XOM: divination: magic mapping
  2056 | D:3      | Slain by bmj180's ghost

Skill      XL: |  1  2  3  4 |
---------------+-------------+-----
Maces & Flails | 3 4 |  4.1
Armour         | 2 |  2.2
Dodging        | 1 |  1.0
Fighting       | |  3.4
Stealth        | |  0.4

Action                   |  1- 3 |  4- 6 || total
-------------------------+-------+-------++-------
Melee: Mace              |    91 |    26 ||   117
  Use: Scroll            |     4 |     2 ||     6
  Eat: Ration            |     1 |       ||     1
Armor: Leather armour    |    28 |     1 ||    29
       Chain mail        |       |     8 ||     8
Dodge: Dodged            |    46 |    12 ||    58
